 Dungeon Crawl Stone Soup version 0.32-a0-391-gce5c0aab1b (console) character file.

Game seed: 12427386689052453930

2022610 elliptic the Conqueror (level 27, 249/249 HPs)
             Began as a Coglin Air Elementalist on Feb 19, 2024.
             Was the Champion of Okawaru.
             Escaped with the Orb
             ... and 3 runes
             ... and 1 gem on Feb 20, 2024!
             The game lasted 03:47:47 (53152 turns).

elliptic the Conqueror (Coglin Air Elementalist)   Turns: 53152, Time: 03:47:48

Health: 249/249    AC: 23    Str: 14    XL:     27
Magic:  32/32      EV: 44    Int: 17    God:    Okawaru [******]
Gold:   2454       SH:  0    Dex: 37    Spells: 29/29 levels left

rFire   + + .        a - +14 quick blade (vamp) {norare}
rCold   + . .        b - +14 quick blade (vamp) {norare}
rNeg    . . .        X - +5 ring mail of the Crushed Dreams {rF+ Regen+ Slay+2 Stlth+, nodragon}
rPois   +            O - +0 mask of the Dragon {Will+ Slay+3 SInv}
rElec   +            J - +1 cloak of Irpheg {rC+}
rCorr   .            Z - +3 pair of gauntlets of War {Slay+5}
SInv    +            L - +1 pair of boots "Asojott" {^Drain rPois rF+ Dex+4}
Will    +++..        G - amulet of regeneration
Stlth   +            I - ring of Fig Xibabb {Int+2 Slay+4}
HPRegen 2.21/turn    f - ring of Keamutu {rElec Str+4 Dex+6}
MPRegen 0.23/turn

%: no passive effects
@: studying Shields
A: off-hand wielding, slow wielding, warmup strikes, warmup strides, horns 1,
poison resistance
0: Orb of Zot
}: 3/15 runes: decaying, silver, gossamer
a: Renounce Religion, Heroism, Finesse, Duel


You escaped.
You worshipped Okawaru.
Okawaru was exalted by your worship.
You visited 11 branches of the dungeon, and saw 51 of its levels.
You visited the Abyss 1 time.
You also visited: Bailey, Gauntlet, Ice Cave and Volcano.

You collected 10957 gold pieces.
You spent 8503 gold pieces at shops.


Innate Abilities, Weirdness & Mutations

You can wield a second weapon in your off-hand.
It takes a long time for you to wield or remove held weapons.
Your first few attacks do less damage.
Your first movements take longer.
You have a pair of small horns on your head.
Your system is resistant to poisons. (rPois)


   Skills:
 O Level 27 Fighting
 - Level 11.0(14.3) Short Blades
 - Level 16.0(17.5) Long Blades
 + Level 15.9 Armour
 O Level 27 Dodging
 - Level 1.5 Stealth
 - Level 1.7 Spellcasting
 - Level 0.8 Conjurations
 - Level 2.6 Air Magic
 - Level 12.0 Invocations


You had 29 spell levels left.
You didn't know any spells.
Your spell library contained the following spells:

 Spells                   Type           Power      Damage    Failure   Level
 Shock                    Conj/Air       28%        1d4       16%         1
 Static Discharge         Conj/Air       14%        3-4/arc   24%         2
 Foxfire                  Conj/Fire      8%         2x1d4     26%         1
 Kiss of Death            Conj/Necr      8%         2d6       26%         1
 Mercury Vapours          Alch/Air       12%        N/A       28%         2
 Apportation              Tloc           2%         N/A       32%         1
 Slow                     Hex            4%         N/A       32%         1
 Cigotuvi's Dreadful Rot  Necr/Alch/Air  8%         N/A       32%         2
 Swiftness                Air            10%        N/A       32%         3
 Momentum Strike          Conj/Tloc      4%         3d8       38%         2
 Blink                    Tloc           2%         N/A       43%         2
 Ensorcelled Hibernation  Hex/Ice        2%         N/A       43%         2
 Jinxbite                 Hex            2%         N/A       43%         2
 Lesser Beckoning         Tloc           2%         N/A       43%         2
 Scorch                   Fire           2%         2d5       43%         2
 Sublimation of Blood     Necr           1%         N/A       43%         2
 Mephitic Cloud           Conj/Alch/Air  5%         N/A       52%         3
 Dazzling Flash           Conj/Hex       4%         N/A       63%         3
 Hailstorm                Conj/Ice       2%         3d5       63%         3
 Confusing Touch          Hex            1%         N/A       67%         3
 Fugue of the Fallen      Necr           1%         N/A       67%         3
 Inner Flame              Hex/Fire       1%         N/A       67%         3
 Ozocubu's Armour         Ice            1%         N/A       67%         3
 Sigil of Binding         Hex            1%         N/A       67%         3
 Vampiric Draining        Necr           1%         2d6       67%         3
 Volatile Blastmotes      Fire/Tloc      2%         2d10      67%         3
 Airstrike                Air            5%         2d(1-17)  71%         4
 Vhi's Electric Charge    Tloc/Air       12%        N/A       88%         4
 Flame Wave               Conj/Fire      2%         2d4       95%         4
 Fulminant Prism          Conj/Alch      1%         3d5       95%         4
 Iskenderun's Mystic Bla  Conj/Tloc      2%         2d3       95%         4
 Anguish                  Hex/Necr       0%         N/A       97%         4
 Dispel Undead            Necr           1%         3d6       97%         4
 Ignite Poison            Fire/Alch      1%         N/A       97%         4
 Manifold Assault         Tloc           1%         N/A       97%         4
 Passage of Golubria      Tloc           1%         N/A       97%         4
 Petrify                  Alch/Erth      1%         N/A       97%         4
 Sticky Flame             Fire/Alch      1%         2d4       97%         4
 Arcjolt                  Conj/Air       3%         1d13      99%         5
 Freezing Cloud           Conj/Ice/Air   2%         6-21      99%         5
 Silence                  Hex/Air        3%         N/A       99%         5
 Alistair's Intoxication  Alch           0%         N/A       100%        5
 Borgnjor's Vile Clutch   Necr/Erth      0%         N/A       100%        5
 Curse of Agony           Necr           1%         N/A       100%        5
 Irradiate                Conj/Alch      1%         3d12      100%        5
 Lee's Rapid Deconstruct  Erth           0%         3d4*      100%        5
 Metabolic Englaciation   Hex/Ice        0%         N/A       100%        5
 Yara's Violent Unravell  Hex/Alch       0%         3d3       100%        5
 Bombard                  Conj/Erth      1%         9d1       100%        6
 Eringya's Noxious Bog    Alch           0%         4d6       100%        6
 Plasma Beam              Fire/Air       3%         2x1d13    100%        6
 Starburst                Conj/Fire      1%         6d3       100%        6
 Orb of Destruction       Conj           2%         9d5       100%        7
 Ozocubu's Refrigeration  Ice            0%         4d7       100%        7
 Ignition                 Fire           0%         3d3       100%        8
 Lehudib's Crystal Spear  Conj/Erth      1%         10d2      100%        8
 Maxwell's Capacitive Co  Air            5%         death     100%        8
 Fire Storm               Conj/Fire      1%         7d1       100%        9
 Polar Vortex             Ice            0%         N/A       100%        9
 Summon Small Mammal      Summ           Unusable   N/A       N/A         1
 Summon Ice Beast         Ice/Summ       Unusable   N/A       N/A         3
 Tukima's Dance           Hex            Unusable   N/A       N/A         3
 Summon Blazeheart Golem  Fire/Summ      Unusable   N/A       N/A         4
 Sculpt Simulacrum        Ice/Alch       Unusable   N/A       N/A         6
 Summon Cactus Giant      Summ           Unusable   N/A       N/A         6
 Malign Gateway           Summ/Tloc      Unusable   N/A       N/A         7
 Spellforged Servitor     Conj/Summ      Unusable   N/A       N/A         7

Inventory:

Hand Weapons
 a - a +14 vampiric quick blade (weapon) {norare}
 b - a +14 vampiric quick blade (worn) {norare}
 o - a +14 double sword of draining {norare}
 u - a +14 double sword of protection {Cedro}
 C - the +2 Maxwell's thermic engine {flame, freeze, rev, norare}
   (You found it on level 1 of the Depths)
 K - the +14 demon blade of the Fabulous God {heavy, Str+2}
   (You acquired it on level 4 of the Spider Nest)

   Str+2:     It affects your strength (+2).
 Q - a +14 double sword of electrocution {Paullus}
Missiles
 v - 15 curare-tipped darts (quivered)
 y - 5 throwing nets
Armour
 x - the +2 pair of boots of Salvation {Regen+ Str+3 Int-5}
   (Okawaru gifted it to you on level 12 of the Dungeon)

   Str+3:     It affects your strength (+3).
   Int-5:     It affects your intelligence (-5).
   Regen+:    It increases your rate of health regeneration.
 z - the +2 hat of the Grim God {rPois rC++ Will+ Int+3}
   (You acquired it on level 3 of the Depths)

   Int+3:     It affects your intelligence (+3).
   rC++:      It greatly protects you from cold.
   rPois:     It protects you from poison Will+: It increases your willpower.
 J - the +1 cloak of Irpheg (worn) {rC+}
   (You bought it in a shop on level 4 of the Vaults)

   rC+:       It protects you from cold.
 L - the +1 pair of boots "Asojott" (worn) {^Drain rPois rF+ Dex+4}
   (You found it on level 1 of the Elven Halls)

   Dex+4:     It affects your dexterity (+4).
   rF+:       It protects you from fire.
   rPois:     It protects you from poison ^Drain: It drains your maximum health
   when unequipped.
 M - a +2 crystal plate armour of cold resistance
 O - the +0 mask of the Dragon (worn) {Will+ Slay+3 SInv}
   (You bought it in a shop on level 2 of the Orcish Mines)

   Slay+3:    It affects your accuracy & damage with ranged weapons and melee
   (+3).
   Will+:     It increases your willpower.
   SInv:      It lets you see invisible.
 X - the +5 ring mail of the Crushed Dreams (worn) {rF+ Regen+ Slay+2 Stlth+, nodragon}
   (You took it off a minotaur in a Gauntlet)

   Slay+2:    It affects your accuracy & damage with ranged weapons and melee
   (+2).
   rF+:       It protects you from fire.
   Regen+:    It increases your rate of health regeneration.
   Stlth+:    It makes you more stealthy.
 Z - the +3 pair of gauntlets of War (worn) {Slay+5}
   (You found it in a Gauntlet)

   Slay+5:    It affects your accuracy & damage with ranged weapons and melee
   (+5).
Jewellery
 f - the ring of Keamutu (right grasper) {rElec Str+4 Dex+6}
   (You found it on level 3 of the Crypt)

   [ring of dexterity]

   Str+4:     It affects your strength (+4).
   Dex+6:     It affects your dexterity (+6).
   rElec:     It insulates you from electricity.
 j - the ring "Wop Ded" {rC+++ rCorr Str-2 Int+6 Dex-3}
   (You took it off a vault guard on level 5 of the Vaults)

   [ring of resist corrosion]

   Str-2:     It affects your strength (-2).
   Int+6:     It affects your intelligence (+6).
   Dex-3:     It affects your dexterity (-3).
   rC+++:     It renders you almost immune to cold.
   rCorr:     It protects you from acid and corrosion.
 k - a ring of see invisible
 n - the ring "Yhiffida" {rPois rN+ Int+4}
   (You took it off a vault guard on level 5 of the Vaults)

   [ring of poison resistance]

   Int+4:     It affects your intelligence (+4).
   rPois:     It protects you from poison rN+: It protects you from negative
   energy.
 F - a ring of flight
 G - an amulet of regeneration (around neck)
 I - the ring of Fig Xibabb (left grasper) {Int+2 Slay+4}
   (You acquired it on level 5 of the Vaults)

   [ring of slaying]

   Int+2:     It affects your intelligence (+2).
   Slay+4:    It affects your accuracy & damage with ranged weapons and melee
   (+4).
 S - a ring of willpower
 U - the amulet "Cologgi" {Reflect rPois rC+ rCorr SH+5}
   (You found it in a Gauntlet)

   [amulet of reflection]

   Reflect:   It reflects blocked missile attacks.
   rC+:       It protects you from cold.
   rPois:     It protects you from poison rCorr: It protects you from acid and
   corrosion.
   SH+5:      It affects your SH (+5).
 Y - a ring of protection from fire
Wands
 q - a wand of iceblast (17)
 B - a wand of acid (6)
 D - a wand of digging (21)
Scrolls
 g - 6 scrolls of blinking
 i - 24 scrolls of teleportation
 l - 7 scrolls of fear
 H - 6 scrolls of enchant armour
 P - 2 scrolls of silence {!r}
 T - a scroll of revelation
 W - a scroll of fog
Potions
 c - 3 potions of heal wounds
 d - 15 potions of curing
 e - 9 potions of magic
 h - 7 potions of mutation {!q}
 m - 8 potions of might
 p - 4 potions of berserk rage {!q}
 r - 3 potions of cancellation
 s - 10 potions of invisibility
 t - 12 potions of ambrosia
 w - 3 potions of attraction
 A - 2 potions of enlightenment
 E - 5 potions of resistance
 R - 9 potions of haste
Miscellaneous
 N - a lightning rod (4/4)


Message History

There is a stone staircase leading up here.
You climb upwards.
There is a stone staircase leading down here.
You feel a little less mighty now.
An Orb Guardian comes into view.
You puncture the Orb Guardian with your +14 vampiric quick blade!
Your headbutt misses the Orb Guardian.
You hit the Orb Guardian with your +14 vampiric quick blade.
The Orb Guardian is moderately wounded.
You impale the Orb Guardian with your +14 vampiric quick blade!!
You hit the Orb Guardian with your +14 vampiric quick blade.
The Orb Guardian is heavily wounded.
You hit the Orb Guardian but do no damage.
You barely miss the Orb Guardian with your +14 vampiric quick blade.
You headbutt the Orb Guardian.
The Orb Guardian is severely wounded.
You puncture the Orb Guardian with your +14 vampiric quick blade!
You impale the Orb Guardian with your +14 vampiric quick blade!!
You kill the Orb Guardian!
Okawaru accepts your kill.
(D) Dungeon (T) Temple (L) Lair (S) Swamp (N) Spider Nest (M) Slime Pits (O) Orcish Mines (E) Elven Halls (V) Vaults (C) Crypt (W) Tomb (U) Depths (H) Hell (Z) Zot
Where to? (Tab/Enter - D:3 @ (x,y), ? - help)
You see here a +0 short sword.
Your graspers slow down.
There is a stone staircase leading up here.
You climb upwards.
There is a stone staircase leading down here.
You see here an adder skeleton.
There is a stone staircase leading up here.
You climb upwards.
There is a stone staircase leading down here.
A Hyzaaw and a hellwing come into view.
Blink to where?
Press: ? - help, Dir - move target
As you read the scroll of blinking, it crumbles to dust.
The hellwing gives a chilling moan.
You have escaped!

#################
#¤¤~~~¤¤~¤~¤¤~~~#
#~~~~~.¤...~¤~~~#
#~~....¤¤~...¤~~#
######~...~~~.~~~...~#
#....¤¤..~~~.@..~~..~#
####.####~...~~&.~~~...~#
.....# #~¤..4.~~~....~¤#
###.## #¤~~~~.....¤~¤¤¤#
#.# #~~~~~~~.¤~~¤¤~¤# #
#.# ########.######## #
#.# #.# #..# ###># #.#
##.# .##.# #.# #.#


You could see Hyzaaw and a hellwing.

Vanquished Creatures
  A pandemonium lord (Zot:1)
  3 ancient liches
  4 dread liches
  The ghost of Gryn the Conqueror, a legendary HOFi of Okawaru (Zot:5)
  Mennas (Vaults:2)
  4 orbs of fire (Zot:5)
  Mara (Depths:3)
  Boris (4 times) (Crypt:2 Depths:1 Depths:4 Vaults:5)
  Sojobo (Depths:4)
  Josephina (Crypt:2)
  A royal mummy (Depths:3)
  Bai Suzhen (Depths:2)
  A Killer Klown (Zot:5)
  Saint Roka (Orc:2)
  Margery (Crypt:1)
  10 caustic shrikes (Depths:4)
  7 golden dragons
  Nikola (Swamp:3)
  the Enchantress (Depths:4)
  Jory (Crypt:3)
  A bone dragon (Depths:4)
  A Brimstone Fiend (Depths:1)
  3 electric golems
  A hellephant (Crypt:1)
  A Hell Sentinel (D:5)
  Jorgrun (Spider:3)
  2 shard shrike zombies (Crypt:3)
  2 Ice Fiends
  A shard shrike skeleton (Crypt:3)
  3 liches
  3 titans
  12 tentacled monstrosities
  23 Orb Guardians
  Mlioglotl (Swamp:1)
  Asterion (Vaults:1)
  A deep elf blademaster (Elf:2)
  4 quicksilver dragons
  5 ancient champions
  9 death cobs
  4 sphinxes
  2 tentacled starspawn (Abyss:4)
  An Executioner (Zot:1)
  3 thorn hunters (Swamp:3)
  7 tengu reavers
  Kirke (Swamp:1)
  Donald (Vaults:3)
  11 storm dragons
  Aizul (Elf:2)
  A revenant (Crypt:2)
  3 protean progenitors (Zot:2)
  10 shadow dragons
  The ghost of Ruxiki the Unseen, an adept VSBr of Uskayaw (Spider:4)
  3 draconian knights
  Louise (Swamp:1)
  A deep elf sorcerer (Vaults:5)
  12 fire giants
  11 frost giants
  2 iron dragons
  4 emperor scorpions (Spider:4)
  3 draconian shifters
  2 balrugs (Depths:1)
  A deep elf elementalist (Elf:1)
  2 draconian scorchers
  A caustic shrike zombie (Crypt:3)
  A spectral caustic shrike (Depths:3)
  A cacodemon (D:10)
  A juggernaut zombie (Crypt:3)
  A spectral juggernaut (Depths:3)
  An orc warlord (Vaults:4)
  A draconian stormcaller (Depths:4)
  6 reapers
  13 vault wardens
  8 ghost moths
  5 curse skulls
  7 ghouls
  3 draconian annihilators
  A quicksilver ooze (Gauntlet)
  5 spriggan defenders
  17 stone giants
  A caustic shrike skeleton (Crypt:3)
  6 ironbound thunderhulks
  19 ironbound preservers
  A formless jellyfish (Vaults:4)
  A broodmother (Spider:4)
  10 very ugly things
  3 deep elf demonologists
  3 vampire knights
  7 black draconians
  5 eleionomae
  6 green draconians
  4 deep elf death magi
  A minotaur (Gauntlet)
  10 white draconians
  4 lorocyprocas
  3 war gargoyles
  7 yellow draconians
  2 spectral titans (Depths:3)
  11 spark wasps
  2 deep elf annihilators
  6 red draconians
  6 dire elephants
  2 purple draconians
  5 bunyips
  Azrael (Spider:2)
  3 deep elf high priests (Vaults:5)
  13 eidola
  4 blizzard demons
  A quicksilver dragon zombie (Crypt:3)
  16 ettins
  3 spectral golden dragons (Depths:3)
  3 mummy priests
  A spectral quicksilver dragon (Depths:3)
  2 crystal guardians (Vaults:4)
  2 green deaths (Swamp:4)
  5 jiangshi
  6 fire dragons
  3 shambling mangroves
  The ghost of ytrimaz the Cleaver, a journeyman CoGl of Okawaru (D:12)
  9 entropy weavers
  3 great orbs of eyes
  The ghost of DeathSocks the Messiah, a journeyman MDFi of Beogh (D:10)
  15 yaktaur captains
  An entropy weaver (shapeshifter) (D:15)
  2 rakshasas
  The ghost of runemasterragnar the Carver, a journeyman CoGl of Wu Jian (D:11)
  A caustic shrike simulacrum (Crypt:2)
  9 spriggan air magi
  3 hell beasts
  5 jorogumos
  3 peacekeepers
  38 vault guards
  A spectral tengu (Depths:3)
  9 alligators
  19 hydras
  A spectral sphinx (Depths:3)
  A spectral shadow dragon (Depths:3)
  5 ice dragons
  A catoblepas (Lair:4)
  2 ironbound frosthearts
  3 radroaches
  25 dancing weapons
  7 centaur warriors
  A death knight (Crypt:2)
  A spriggan skeleton (Crypt:3)
  10 two-headed ogres
  A two-headed ogre (shapeshifter) (Depths:2)
  2 spectral frost giants (Depths:3)
  An ogre mage (Orc:1)
  Erica (D:8)
  3 deep troll shamans
  2 death scarabs
  5 tengu warriors
  A spectral fire giant (Depths:3)
  4 orc high priests
  A hell hog (Abyss:4)
  10 death yaks
  5 occultists
  7 spriggan berserkers
  A bennu skeleton (Crypt:2)
  5 deep troll earth magi
  19 demonic crawlers
  5 vampire magi
  12 soul eaters
  6 hell knights
  9 sun demons
  8 thrashing horrors
  8 deep elf knights
  A storm dragon zombie (Crypt:3)
  3 goliath frogs (Swamp:2)
  13 iron trolls
  2 wretched stars (Abyss:4)
  A death drake (Swamp:2)
  16 skeletal warriors (Crypt:2)
  A shadow demon (D:13)
  11 pharaoh ants
  3 bunyip zombies
  5 skysharks
  2 anaconda zombies (Crypt:3)
  66 deep trolls
  2 obsidian statues
  6 glowing orange brains
  11 orb spiders
  20 bog bodies
  13 swamp dragons
  A deep troll (shapeshifter) (Vaults:3)
  2 large abominations (Abyss:4)
  16 phantasmal warriors
  5 spriggan druids
  A spriggan simulacrum (Crypt:2)
  A spectral iron dragon (Depths:3)
  7 arcanists
  9 steelbarb worms
  A flayed ghost (Depths:4)
  3 sun moths
  A harpy (shapeshifter) (D:15)
  6 deep elf archers
  5 lindwurms
  6 spectral hydras (Swamp:2)
  10 ironbound convokers
  A golden dragon skeleton (Vaults:3)
  19 deep elf pyromancers
  6 orc knights
  An anaconda skeleton (Crypt:3)
  2 bunyip skeletons (Crypt:3)
  6 harpies
  A lindwurm (shapeshifter) (Depths:3)
  14 deep elf zephyrmancers
  5 orc sorcerers
  20 necromancers
  54 ugly things
  23 wolf spiders
  7 goliath frog zombies (Swamp:2)
  2 oklob plants (Swamp:3)
  3 manticores
  A faun (shapeshifter) (Vaults:5)
  An alligator zombie (Swamp:2)
  A draconian zombie (Crypt:2)
  7 will-o-the-wisps
  36 moths of wrath
  A stone giant skeleton (Vaults:3)
  A cyclops (D:12)
  A moth of wrath (shapeshifter) (Abyss:4)
  18 elephants
  A centaur zombie (D:15)
  3 ice statues (IceCv)
  Joseph (D:10)
  A kobold blastminer (Orc:2)
  A black mamba (shapeshifter) (D:10)
  4 dire elephant zombies (Crypt:3)
  3 rust devils (Depths:4)
  A black mamba (Lair:3)
  5 torpor snails
  A guardian serpent (Abyss:4)
  2 molten gargoyles (Volcano)
  A shock serpent skeleton (Crypt:1)
  20 vault sentinels
  A titan simulacrum (Crypt:2)
  A water nymph (shapeshifter) (Vaults:5)
  A smoke demon (Volcano)
  A gargoyle (D:13)
  5 centaur skeletons
  2 hellions (Depths:4)
  3 kobold demonologists
  5 orange demons
  An alligator snapping turtle skeleton (Crypt:3)
  16 cane toads
  52 yaktaurs
  A dire elephant skeleton (Crypt:2)
  Jeremiah (D:6)
  3 swamp worm zombies (Swamp:2)
  A tengu conjurer (D:15)
  9 freezing wraiths
  8 komodo dragons
  Psyche (D:8)
  An orc skeleton (Crypt:3)
  A red devil (Depths:1)
  3 rime drakes
  A harpy zombie (Crypt:3)
  2 efreet (Zot:2)
  7 guardian mummies (Depths:3)
  A red draconian skeleton (Crypt:1)
  A death yak skeleton (Crypt:2)
  2 tormentors
  7 ice devils
  4 trolls
  2 polar bears (Lair:2)
  15 hellwings
  2 polar bears (shapeshifter)
  A merfolk (shapeshifter) (Vaults:5)
  A spectral glowing shapeshifter (Depths:3)
  A queen bee (Lair:3)
  15 tarantellas
  A bloated husk (Swamp:4)
  3 human skeletons (Vaults:4)
  24 hornets
  6 raiju (Abyss:4)
  Prince Ribbit (D:5)
  6 tyrant leeches
  19 blink frogs
  2 tarantellas (shapeshifter) (D:10)
  3 fire dragon zombies (Crypt:1)
  A harpy skeleton (Crypt:2)
  30 slime creatures
  An ettin zombie (Crypt:3)
  20 spriggans
  2 centaur simulacra
  4 ynoxinuls
  A meliai zombie (Crypt:1)
  3 dire elephant simulacra (IceCv)
  5 water elementals
  32 jumping spiders
  3 vampires
  4 wyverns
  37 yaks
  20 culicivoras
  4 shadows
  2 ettin skeletons
  4 tyrant leech zombies (Swamp:2)
  15 wraiths
  An ushabti (Crypt:3)
  4 hogs (Swamp:1)
  A fire bat (Volcano)
  A black mamba skeleton (Crypt:2)
  A spectral komodo dragon (Gauntlet)
  3 fire elementals (Spider:2)
  2 humans
  3 golden eyes (D:6)
  2 steam dragons
  73 redbacks
  13 vampire mosquitoes
  7 basilisks
  Menkaure (D:5)
  3 neqoxecs (D:10)
  3 wargs (Orc:2)
  2 death yak simulacra (IceCv)
  A chaos spawn (Abyss:4)
  17 swamp worms
  A naga zombie (Crypt:3)
  A swamp worm (shapeshifter) (Vaults:5)
  2 acid dragons
  Duvessa (D:6)
  5 hell hounds (Spider:2)
  5 swamp drakes
  11 water moccasins
  A fire bat skeleton (Crypt:2)
  39 orc warriors
  A redback (shapeshifter) (Vaults:5)
  An ice beast (D:8)
  14 ogres
  10 laughing skulls
  A black mamba simulacrum (Crypt:2)
  5 black bears
  5 boggarts
  16 wolves
  17 centaurs
  A centaur (shapeshifter) (Elf:1)
  A phantom (D:6)
  13 bullfrogs
  3 kobold brigands (D:8)
  Blork the orc (D:4)
  3 gnoll sergeants
  5 scorpions
  3 earth elementals
  2 small abominations (Abyss:4)
  8 wyvern skeletons (Crypt:3)
  12 wights
  A shapeshifter zombie (Crypt:1)
  A water moccasin skeleton (Crypt:2)
  Dowan (D:6)
  38 killer bees
  A human simulacrum (Vaults:3)
  A shapeshifter skeleton (Crypt:1)
  8 electric eels
  7 howler monkeys
  A bombardier beetle (D:3)
  8 lava snakes (Volcano)
  A quasit (Abyss:4)
  A basilisk zombie (Crypt:2)
  17 orc priests
  3 jellies
  4 gnoll boudas
  Terence (D:2)
  2 hounds
  2 sleepcaps
  Jessica (D:2)
  3 iguanas (D:5)
  18 orc wizards
  A scorpion zombie (Crypt:2)
  5 hell rats (Lair:4)
  2 polar bear simulacra (IceCv)
  A wolf simulacrum (IceCv)
  2 killer bee zombies (D:7)
  2 ogre zombies (D:7)
  3 mummies
  22 gnolls
  6 adders
  3 ufetubi
  A lava snake skeleton (Crypt:2)
  2 ribbon worms
  2 dart slugs
  107 orcs
  9 ball pythons
  5 endoplasms
  3 giant cockroaches
  7 goblins
  6 hobgoblins
  4 jackals (D:1)
  5 quokkas
  7 bats
  2 frilled lizards
  A jackal skeleton (Crypt:1)
  15 kobolds
  A quokka skeleton (Crypt:2)
  A rat (D:1)
2391 creatures vanquished.

Vanquished Creatures (others)
  A fire giant (Depths:1)
  A formless jellyfish (Vaults:4)
  A goliath frog (Swamp:3)
  A deep elf zephyrmancer (Elf:1)
  2 bloated husks
  A human (Swamp:1)
  A redback (Spider:1)
  A howler monkey (D:7)
  An orc (D:11)
  18 foxfires
28 creatures vanquished.

Grand Total: 2419 creatures vanquished

Notes
Turn   | Place    | Note
-------+----------+-------------------------------------------
     0 | D:1      | elliptic the Coglin Air Elementalist began the quest for
                  | the Orb.
     0 | D:1      | Reached XP level 1. HP: 13/13 MP: 3/3
    73 | D:1      | Reached skill level 1 in Fighting
   120 | D:1      | Reached XP level 2. HP: 21/21 MP: 2/4
   144 | D:1      | Learned a level 2 spell: Static Discharge
   540 | D:1      | Reached XP level 3. HP: 28/28 MP: 2/5
   828 | D:1      | Reached skill level 3 in Fighting
   920 | D:1      | Found a faded altar of an unknown god.
  1524 | D:2      | Reached XP level 4. HP: 35/35 MP: 6/6
  1553 | D:2      | Found Fuolopuc's Armour Emporium.
  1574 | D:2      | Noticed Terence
  1814 | D:2      | oh
  2004 | D:2      | Noticed Jessica
  2044 | D:2      | Killed Jessica
  2160 | D:2      | Bought a +0 helmet for 63 gold pieces
  2202 | D:3      | Reached XP level 5. HP: 42/42 MP: 7/7
  2318 | D:3      | lol
  2842 | D:3      | Reached skill level 1 in Long Blades
  3088 | D:4      | Noticed an ogre
  3137 | D:4      | Found a radiant altar of Vehumet.
  3157 | D:4      | Reached skill level 3 in Long Blades
  3157 | D:4      | Reached XP level 6. HP: 32/49 MP: 8/8
  3251 | D:4      | Noticed Blork the orc
  3252 | D:4      | uh
  3260 | D:4      | Killed Blork the orc
  3277 | D:4      | Identified the +5 scale mail "Geixawe" {Rampage Int+4}
  3322 | D:4      | sigh
  3490 | D:4      | Found a transporter.
  3522 | D:4      | Found a one-way gate to the infinite horrors of the Abyss.
  3522 | D:4      | Noticed zeratav's ghost (amateur CoGl)
  3596 | D:4      | Found a transporter.
  3602 | D:4      | Noticed a small abomination
  4099 | D:4      | Reached XP level 7. HP: 52/55 MP: 9/9
  4165 | D:5      | Entered Level 5 of the Dungeon
  4575 | D:5      | Reached skill level 6 in Long Blades
  4636 | D:5      | Found a staircase to the Ecumenical Temple.
  4641 | D:5      | Reached XP level 8. HP: 60/64 MP: 10/10
  4644 | D:5      | Reached skill level 6 in Fighting
  4654 | Temple   | Entered the Ecumenical Temple
  4666 | Temple   | Became a worshipper of Warmaster Okawaru
  4965 | D:5      | Noticed Menkaure
  5136 | D:5      | Killed Menkaure
  5136 | D:5      | Reached * piety under Okawaru
  5224 | D:5      | Reached skill level 1 in Invocations
  5724 | D:5      | Noticed Prince Ribbit
  5735 | D:5      | Killed Prince Ribbit
  5736 | D:5      | Reached XP level 9. HP: 72/72 MP: 8/11
  5867 | D:6      | Reached ** piety under Okawaru
  5898 | D:6      | Noticed Jeremiah
  5933 | D:6      | Killed Jeremiah
  6218 | D:6      | Noticed Dowan
  6218 | D:6      | Noticed Duvessa
  6236 | D:6      | Killed Duvessa
  6240 | D:6      | Killed Dowan
  6491 | D:6      | Reached skill level 9 in Long Blades
  6576 | D:7      | Found a flagged portal.
  6585 | Bailey   | Entered a bailey
  6611 | Bailey   | sigh
  6617 | Bailey   | meh
  6954 | Bailey   | Reached XP level 10. HP: 82/82 MP: 12/12
  7008 | Bailey   | Reached skill level 9 in Fighting
  7079 | Bailey   | Reached *** piety under Okawaru
  7174 | Bailey   | Reached skill level 3 in Invocations
  8742 | D:7      | Identified the flux talisman of Nix Tom {rN++}
  8951 | D:7      | Found a sacrificial altar of Ru.
  8952 | D:7      | Found a broken altar of Ashenzari.
  9132 | D:7      | Reached **** piety under Okawaru
  9666 | D:8      | Identified the +0 plate armour of Lugonu's Generosity {+Inv
                  | rPois Will+}
  9685 | D:8      | Noticed Erica
  9761 | D:8      | Killed Erica
  9762 | D:8      | Reached skill level 3 in Armour
 10018 | D:8      | Noticed Psyche
 10029 | D:8      | Killed Psyche
 10030 | D:8      | Reached XP level 11. HP: 90/90 MP: 14/14
 10411 | D:9      | hm
 10880 | D:9      | Found a burning altar of Makhleb.
 11434 | D:10     | Entered Level 10 of the Dungeon
 11466 | D:10     | Noticed Joseph
 11486 | D:10     | Killed Joseph
 11486 | D:10     | Reached ***** piety under Okawaru
 11574 | D:10     | Noticed a brown ugly thing
 11591 | D:10     | Killed a brown ugly thing
 11611 | D:10     | Found a staircase to the Lair.
 11612 | D:10     | Noticed a manticore
 11628 | D:10     | Killed a manticore
 11740 | D:10     | Found a runed translucent gate.
 11740 | D:10     | Found a runed translucent gate.
 11740 | D:10     | Found a runed translucent gate.
 11740 | D:10     | Noticed a white ugly thing
 11740 | D:10     | Noticed a brown ugly thing
 11740 | D:10     | Noticed a glowing orange brain
 11740 | D:10     | Noticed a white ugly thing
 11740 | D:10     | Noticed a cyan ugly thing
 11741 | D:10     | Noticed a cyan ugly thing
 12088 | D:10     | Received a gift from Okawaru
 12388 | D:11     | Reached XP level 12. HP: 85/101 MP: 15/15
 12416 | D:11     | Noticed a two-headed ogre
 12424 | D:11     | Killed a two-headed ogre
 12546 | D:11     | Noticed a two-headed ogre
 12591 | D:11     | Reached skill level 12 in Fighting
 12591 | D:11     | Reached skill level 12 in Long Blades
 12741 | D:11     | Killed a two-headed ogre
 12742 | D:11     | Reached skill level 6 in Dodging
 12895 | D:11     | Found a runed translucent gate.
 12896 | D:11     | Found a runed translucent gate.
 12898 | D:11     | Found a runed translucent gate.
 12899 | D:11     | Found an opulent altar of Gozag.
 12900 | D:11     | Noticed runemasterragnar's ghost (journeyman CoGl)
 12901 | D:11     | Noticed a tengu warrior
 12901 | D:11     | Noticed a fire dragon
 13221 | D:12     | Reached ****** piety under Okawaru
 13222 | D:12     | Acquired a +4 double sword of protection
 13222 | D:12     | Received a gift from Okawaru
 13246 | D:11     | Acquired the +2 pair of boots of Salvation {Regen+ Str+3
                  | Int-5}
 13246 | D:11     | Received a gift from Okawaru
 13264 | D:12     | Received a gift from Okawaru
 13495 | D:12     | Found a runed translucent door.
 13497 | D:12     | Identified the +6 trident "Tiuskimm" {flame, rElec Str+3}
 13531 | D:12     | Found a staircase to the Orcish Mines.
 13702 | D:12     | Noticed ytrimaz's ghost (journeyman CoGl)
 13798 | Lair:1   | Entered Level 1 of the Lair of Beasts
 13999 | Lair:1   | Received a gift from Okawaru
 14592 | Lair:2   | Noticed a five-headed hydra
 14599 | Lair:2   | Killed a five-headed hydra
 14634 | Lair:2   | Reached XP level 13. HP: 111/111 MP: 17/17
 14639 | Lair:2   | Reached skill level 6 in Invocations
 15049 | Lair:2   | Received a gift from Okawaru
 15652 | Lair:3   | Reached skill level 9 in Invocations
 15662 | Lair:3   | Received a gift from Okawaru
 15747 | Lair:3   | Found a hole to the Spider Nest.
 15940 | Lair:3   | Found a staircase to the Swamp.
 16139 | Lair:3   | Received a gift from Okawaru
 16210 | Lair:4   | Reached XP level 14. HP: 118/118 MP: 21/21
 16540 | Lair:4   | Found a viscous altar of Jiyva.
 16540 | Lair:4   | Found a staircase to the Slime Pits.
 16666 | Lair:4   | Received a gift from Okawaru
 16940 | Lair:5   | Entered Level 5 of the Lair of Beasts
 17157 | Lair:5   | Received a gift from Okawaru
 17325 | Lair:5   | Identified the +2 leather armour of Moral Flaws {+Blink
                  | Int-2 Dex+4 SInv}
 17327 | Lair:5   | Got an earthy gem with 185 turns to spare
 17329 | Lair:5   | Got the Almanac of Massed Excavation
 17404 | Lair:5   | Received a gift from Okawaru
 18057 | D:10     | Reached skill level 15 in Fighting
 18060 | D:10     | Reached skill level 15 in Long Blades
 18076 | D:10     | Reached XP level 15. HP: 113/129 MP: 22/22
 18089 | D:10     | Found a runed translucent gate.
 18089 | D:10     | Found a runed translucent gate.
 18095 | D:10     | Noticed DeathSocks's ghost (journeyman MDFi)
 18096 | D:10     | Noticed a cacodemon
 18099 | D:10     | Found a runed translucent gate.
 18102 | D:10     | eh
 18116 | D:10     | Killed DeathSocks's ghost
 18118 | D:10     | Gained mutation: You occasionally lose the ability to drink
                  | potions when taking damage. [a neqoxec]
 18120 | D:10     | Gained mutation: You sometimes lose the ability to drink
                  | potions when taking damage. [a neqoxec]
 18121 | D:10     | Gained mutation: You are frail. (-10% HP) [a neqoxec]
 18123 | D:10     | Killed a cacodemon
 18290 | D:10     | Lost mutation: You sometimes lose the ability to drink
                  | potions when taking damage. [potion of mutation]
 18290 | D:10     | Lost mutation: You occasionally lose the ability to drink
                  | potions when taking damage. [potion of mutation]
 18290 | D:10     | Gained mutation: You are agile. (Dex +4, Str/Int -1)
                  | [potion of mutation]
 18290 | D:10     | Gained mutation: You are very agile. (Dex +8, Str/Int -2)
                  | [potion of mutation]
 18290 | D:10     | Gained mutation: Your system is resistant to poisons.
                  | (rPois) [potion of mutation]
 18291 | D:10     | eh
 18291 | D:10     | Lost mutation: Your system is resistant to poisons. (rPois)
                  | [potion of mutation]
 18291 | D:10     | Lost mutation: You are very agile. (Dex +8, Str/Int -2)
                  | [potion of mutation]
 18291 | D:10     | Gained mutation: Your system is resistant to poisons.
                  | (rPois) [potion of mutation]
 18291 | D:10     | Gained mutation: You are partially covered in iridescent
                  | scales. (AC +2) [potion of mutation]
 18291 | D:10     | Gained mutation: You do not regenerate when monsters are
                  | visible. [potion of mutation]
 18291 | D:10     | Gained mutation: You have an increased reservoir of magic.
                  | (+10% MP) [potion of mutation]
 18292 | D:10     | Lost mutation: You have an increased reservoir of magic.
                  | (+10% MP) [potion of mutation]
 18292 | D:10     | Lost mutation: Your system is resistant to poisons. (rPois)
                  | [potion of mutation]
 18292 | D:10     | Gained mutation: Your spells are a little easier to cast,
                  | but a little less powerful. [potion of mutation]
 18292 | D:10     | Gained mutation: You have a pair of small horns on your
                  | head. [potion of mutation]
 18292 | D:10     | Gained mutation: You occasionally lose the ability to read
                  | scrolls when taking damage. [potion of mutation]
 18292 | D:10     | Gained mutation: You have hidden genetic potential. [potion
                  | of mutation]
 18293 | D:10     | Lost mutation: You are agile. (Dex +4, Str/Int -1) [potion
                  | of mutation]
 18293 | D:10     | Lost mutation: You have hidden genetic potential. [potion
                  | of mutation]
 18293 | D:10     | Lost mutation: You are partially covered in iridescent
                  | scales. (AC +2) [potion of mutation]
 18293 | D:10     | Gained mutation: Your magical capacity is low. (-10% MP)
                  | [potion of mutation]
 18293 | D:10     | Lost mutation: Your magical capacity is low. (-10% MP)
                  | [potion of mutation]
 18293 | D:10     | Gained mutation: You passively map a small area around you.
                  | [potion of mutation]
 18294 | D:10     | Lost mutation: You are frail. (-10% HP) [potion of
                  | mutation]
 18294 | D:10     | Lost mutation: Your spells are a little easier to cast, but
                  | a little less powerful. [potion of mutation]
 18294 | D:10     | Gained mutation: You are frail. (-10% HP) [potion of
                  | mutation]
 18294 | D:10     | Gained mutation: Armour fits poorly on your strangely
                  | shaped body. [potion of mutation]
 18295 | D:10     | Lost mutation: You have a pair of small horns on your head.
                  | [potion of mutation]
 18295 | D:10     | Lost mutation: You passively map a small area around you.
                  | [potion of mutation]
 18295 | D:10     | Gained mutation: You are weak. (Str -2) [potion of
                  | mutation]
 18295 | D:10     | Gained mutation: You are partially covered in iridescent
                  | scales. (AC +2) [potion of mutation]
 18296 | D:10     | how did that go so poorly :(
 18296 | D:10     | oh well
 18554 | D:2      | Found Fuolopuc's Armour Emporium.
 18719 | D:2      | Killed Terence
 18966 | D:11     | Received a gift from Okawaru
 18979 | D:11     | Killed runemasterragnar's ghost
 19080 | D:12     | Killed ytrimaz's ghost
 19132 | Orc:1    | Entered Level 1 of the Orcish Mines
 19200 | Orc:2    | Entered Level 2 of the Orcish Mines
 19201 | Orc:2    | why
 19206 | Orc:2    | well the ice cave is here
 19207 | Orc:2    | Found a frozen archway.
 19249 | Orc:2    | what
 19424 | Orc:1    | Found Funetuut's Weapon Boutique.
 19470 | Orc:1    | Found a dark tunnel.
 19491 | Volcano  | Entered a volcano
 19594 | Volcano  | Received a gift from Okawaru
 19689 | Volcano  | Found a bloodstained altar of Trog.
 19727 | Volcano  | Identified the +1 pair of gloves "Laifeg" {Fly rPois Int-5}
 19780 | Volcano  | Lost mutation: You are frail. (-10% HP) [potion of
                  | mutation]
 19780 | Volcano  | Lost mutation: You occasionally lose the ability to read
                  | scrolls when taking damage. [potion of mutation]
 19780 | Volcano  | Lost mutation: You are partially covered in iridescent
                  | scales. (AC +2) [potion of mutation]
 19780 | Volcano  | Gained mutation: A frigid envelope surrounds you and
                  | freezes all who hurt you. [potion of mutation]
 19854 | IceCv    | Entered an ice cave
 20303 | Orc:2    | Received a gift from Okawaru
 20474 | Orc:2    | Found a roughly hewn altar of Beogh.
 20992 | Orc:2    | Noticed Saint Roka
 21032 | Orc:2    | Killed Saint Roka
 21033 | Orc:2    | Reached skill level 9 in Dodging
 21149 | Orc:2    | Found Imofiobo's Antique Armour Shoppe.
 21149 | Orc:2    | Found a roughly hewn altar of Beogh.
 21155 | Orc:2    | Found Giariv's Antique Weapon Emporium.
 21169 | Orc:2    | Bought the +0 mask of the Dragon {Will+ Slay+3 SInv} for
                  | 935 gold pieces
 21169 | Orc:2    | Found the +0 mask of the Dragon {Will+ Slay+3 SInv}
 21223 | Orc:2    | Found a roughly hewn altar of Beogh.
 21249 | Orc:2    | Found a roughly hewn altar of Beogh.
 21263 | Orc:2    | Found a roughly hewn altar of Beogh.
 21271 | Orc:2    | Paralysed by an orc sorcerer for 4 turns
 21285 | Orc:2    | Found Voitrut's Weapon Shop.
 21319 | Orc:2    | Found a staircase to the Elven Halls.
 21378 | Orc:2    | Found a roughly hewn altar of Beogh.
 21387 | Orc:2    | Found Leerang's Book Shoppe.
 21674 | D:13     | Reached XP level 16. HP: 138/138 MP: 23/23
 21681 | D:13     | Found a gate to the Vaults.
 21704 | D:13     | Received a gift from Okawaru
 21733 | D:13     | Identified the +5 halberd of Floral Duty {drain, Int+5}
 21774 | D:13     | Got Anuph's Vellum of the Magnum Opus and Attacks
 21844 | D:13     | Found Faquineo's Armour Boutique.
 21852 | D:13     | Bought a +2 cloak of preservation for 365 gold pieces
 22851 | D:14     | Acquired 892 gold pieces
 23014 | D:14     | Found a sparkling altar of Nemelex Xobeh.
 23104 | D:15     | Entered Level 15 of the Dungeon
 23145 | D:15     | Received a gift from Okawaru
 23158 | D:15     | Found a gate leading to a gauntlet.
 23184 | Gauntlet | Entered a Gauntlet
 23184 | Gauntlet | Found a transporter.
 23187 | Gauntlet | Found a transporter.
 23189 | Gauntlet | Found a transporter.
 23200 | Gauntlet | Found a runed translucent gate.
 23200 | Gauntlet | Found a runed translucent gate.
 23203 | Gauntlet | Found a runed translucent gate.
 23203 | Gauntlet | Found a transporter.
 23205 | Gauntlet | Found a transporter.
 23214 | Gauntlet | Found a transporter.
 23230 | Gauntlet | Found a transporter.
 23240 | Gauntlet | Found a transporter.
 23250 | Gauntlet | Found a transporter.
 23264 | Gauntlet | Found a transporter.
 23272 | Gauntlet | Found a transporter.
 23275 | Gauntlet | Found a transporter.
 23321 | Gauntlet | Found a runed translucent door.
 23334 | Gauntlet | Found a transporter.
 23385 | Gauntlet | Identified the amulet "Cologgi" {Reflect rPois rC+ rCorr
                  | SH+5}
 23408 | Gauntlet | Identified the +7 shortbow of the Globe {heavy, Fly rElec
                  | Str+3 Dex+3}
 23408 | Gauntlet | Identified the +5 ring mail of the Crushed Dreams {rF+
                  | Regen+ Slay+2 Stlth+}
 23410 | Gauntlet | Found the +3 pair of gauntlets of War {Slay+5}
 23411 | Gauntlet | nice
 23634 | D:15     | Reached skill level 6 in Armour
 23781 | D:15     | Found a staircase to the Depths.
 23782 | D:15     | Received a gift from Okawaru
 23930 | D:15     | Found a shadowy altar of Dithmenos.
 23943 | D:15     | Got the Verses on the Terrestrial Autopsy
 24726 | Spider:1 | Entered Level 1 of the Spider Nest
 24868 | Spider:1 | Reached skill level 18 in Fighting
 25454 | Spider:1 | Reached XP level 17. HP: 142/149 MP: 24/24
 25481 | Spider:1 | Reached skill level 12 in Dodging
 25505 | Spider:2 | ...........
 25508 | Spider:2 | oh
 25785 | Spider:2 | Noticed Azrael
 25806 | Spider:2 | Killed Azrael
 25813 | Spider:2 | Received a gift from Okawaru
 25982 | Spider:2 | Lost mutation: Armour fits poorly on your strangely shaped
                  | body. [potion of mutation]
 25982 | Spider:2 | Lost mutation: A frigid envelope surrounds you and freezes
                  | all who hurt you. [potion of mutation]
 25982 | Spider:2 | Lost mutation: You do not regenerate when monsters are
                  | visible. [potion of mutation]
 25982 | Spider:2 | Gained mutation: Armour fits poorly on your strangely
                  | shaped body. [potion of mutation]
 26119 | Spider:3 | Noticed Jorgrun
 26140 | Spider:3 | Killed Jorgrun
 26336 | Spider:3 | Received a gift from Okawaru
 26567 | Spider:3 | Got Cerebov's Compendium of Flames
 26762 | Spider:4 | Entered Level 4 of the Spider Nest
 26819 | Spider:4 | Acquired the +1 demon blade of the Fabulous God {heavy,
                  | Str+2}
 26821 | Spider:4 | Acquired a +5 demon blade of venom
 26891 | Spider:4 | Reached XP level 18. HP: 160/160 MP: 21/25
 27098 | Spider:4 | Noticed Ruxiki's ghost (adept VSBr)
 27105 | Spider:4 | Found a transporter.
 27108 | Spider:4 | Found a transporter.
 27217 | Spider:4 | Reached skill level 9 in Armour
 27377 | Spider:4 | Received a gift from Okawaru
 27539 | Spider:4 | Got a gossamer rune of Zot
 27640 | Spider:4 | hm
 27650 | Spider:4 | Reached skill level 15 in Dodging
 27686 | Spider:4 | Killed Ruxiki's ghost
 27709 | Spider:4 | Lost mutation: You are weak. (Str -2) [potion of mutation]
 27709 | Spider:4 | Lost mutation: Armour fits poorly on your strangely shaped
                  | body. [potion of mutation]
 27709 | Spider:4 | Gained mutation: You have a pair of small horns on your
                  | head. [potion of mutation]
 27709 | Spider:4 | Gained mutation: Your system is resistant to poisons.
                  | (rPois) [potion of mutation]
 27828 | Swamp:1  | Entered Level 1 of the Swamp
 27966 | Swamp:1  | Noticed Louise
 27982 | Swamp:1  | Killed Louise
 28235 | Swamp:1  | Noticed Kirke
 28244 | Swamp:1  | why
 28247 | Swamp:1  | Killed Kirke
 28247 | Swamp:1  | Received a gift from Okawaru
 28252 | Swamp:1  | Noticed Mlioglotl
 28255 | Swamp:1  | Killed Mlioglotl
 28707 | Swamp:2  | Reached skill level 12 in Invocations
 28825 | Swamp:2  | Reached XP level 19. HP: 167/167 MP: 28/28
 28931 | Swamp:2  | Received a gift from Okawaru
 29293 | Swamp:2  | Found a shimmering blue altar of Sif Muna.
 29653 | Swamp:3  | Received a gift from Okawaru
 30003 | Swamp:3  | Noticed Nikola
 30025 | Swamp:3  | Killed Nikola
 30170 | Swamp:4  | Entered Level 4 of the Swamp
 30188 | Swamp:4  | Reached skill level 21 in Fighting
 30438 | Swamp:4  | Received a gift from Okawaru
 30541 | Swamp:4  | Received a gift from Okawaru
 30702 | Swamp:4  | Got a decaying rune of Zot
 31228 | Elf:1    | Entered Level 1 of the Elven Halls
 31324 | Elf:1    | Reached XP level 20. HP: 180/180 MP: 29/29
 31361 | Elf:1    | Identified the +1 pair of boots "Asojott" {^Drain rPois rF+
                  | Dex+4}
 31547 | Elf:1    | Received a gift from Okawaru
 31648 | Elf:1    | Found Adich's General Store.
 31656 | Elf:1    | Bought a scroll of revelation for 97 gold pieces
 31656 | Elf:1    | Bought 2 potions of enlightenment for 130 gold pieces
 32061 | Elf:2    | Identified the serpent talisman of Dithmenos's Reproof
                  | {Stlth+}
 32061 | Elf:2    | Noticed Aizul
 32069 | Elf:2    | Killed Aizul
 32351 | Elf:2    | Found a runed translucent gate.
 32351 | Elf:2    | Found a runed translucent gate.
 32357 | Elf:2    | Found a runed translucent gate.
 32637 | Elf:2    | Received a gift from Okawaru
 32652 | Elf:2    | Reached skill level 18 in Dodging
 32950 | Elf:3    | Entered Level 3 of the Elven Halls
 32950 | Elf:3    | Found a shimmering blue altar of Sif Muna.
 33880 | Vaults:1 | Entered Level 1 of the Vaults
 33880 | Vaults:1 | Noticed Asterion
 33896 | Vaults:1 | Killed Asterion
 34010 | Vaults:1 | Received a gift from Okawaru
 34497 | Vaults:1 | Reached XP level 21. HP: 186/186 MP: 30/30
 35053 | Vaults:2 | Found Rohog's Armour Boutique.
 35058 | Vaults:2 | Identified the +4 flail of Fee Simple {flame, Will+}
 35298 | Vaults:2 | Found Zyelos's Book Emporium.
 35408 | Vaults:2 | Noticed Mennas
 35422 | Vaults:2 | Killed Mennas
 35433 | Vaults:2 | Noticed a dread lich
 35440 | Vaults:2 | Killed a dread lich
 35440 | Vaults:2 | Received a gift from Okawaru
 35481 | Vaults:2 | Identified the staff of Wosec {rF- SInv Air Earth}
 36309 | Vaults:3 | Received a gift from Okawaru
 36374 | Vaults:3 | Reached skill level 21 in Dodging
 36432 | Vaults:3 | Noticed Donald
 36444 | Vaults:3 | Killed Donald
 36654 | Vaults:3 | Found a staircase to the Crypt.
 36846 | Vaults:3 | Received a gift from Okawaru
 36915 | Vaults:3 | Reached XP level 22. HP: 178/194 MP: 31/31
 37511 | Vaults:4 | Received a gift from Okawaru
 37852 | Vaults:4 | Received a gift from Okawaru
 37861 | Vaults:4 | Found Ziseunoe's Assorted Antiques.
 37889 | Vaults:4 | Bought a potion of haste for 360 gold pieces
 37889 | Vaults:4 | Bought a scroll of acquirement for 1872 gold pieces
 37889 | Vaults:4 | Bought a pitted cloak for 342 gold pieces
 37889 | Vaults:4 | Identified the +1 cloak of Irpheg {rC+} (You bought it in a
                  | shop on level 4 of the Vaults)
 37892 | Vaults:4 | Acquired 905 gold pieces
 38485 | Crypt:1  | Entered Level 1 of the Crypt
 38608 | Crypt:1  | Noticed Margery
 38667 | Crypt:1  | Killed Margery
 38667 | Crypt:1  | Received a gift from Okawaru
 39432 | Crypt:2  | Identified the ring "Tysec" {Ice rPois Str-4 Int+5}
 39432 | Crypt:2  | Noticed Josephina
 39437 | Crypt:2  | Killed Josephina
 39471 | Crypt:2  | Received a gift from Okawaru
 39585 | Crypt:2  | Reached XP level 23. HP: 188/205 MP: 32/32
 39749 | Crypt:2  | Found an ancient bone altar of Kikubaaqudgha.
 39753 | Crypt:2  | Identified the +3 robe "Zah Maug" {rPois Str+3 SInv}
 39753 | Crypt:2  | Noticed Boris
 39763 | Crypt:2  | Killed Boris
 40049 | Crypt:2  | Identified the +1 demon whip of the Boiling Point {drain,
                  | rF++ rC-}
 40102 | Crypt:3  | Entered Level 3 of the Crypt
 40260 | Crypt:3  | Acquired a +2 double sword of electrocution
 40308 | Crypt:3  | Received a gift from Okawaru
 40469 | Crypt:3  | Found a staircase to the Tomb.
 40582 | Crypt:3  | Reached skill level 24 in Fighting
 40591 | Crypt:3  | Found an ancient bone altar of Kikubaaqudgha.
 40744 | Crypt:3  | Received a gift from Okawaru
 40787 | Crypt:3  | Noticed Jory
 40796 | Crypt:3  | Killed Jory
 40845 | Crypt:3  | Noticed an ancient lich
 40850 | Crypt:3  | Noticed a dread lich
 40853 | Crypt:3  | Killed an ancient lich
 40860 | Crypt:3  | Killed a dread lich
 40867 | Crypt:3  | Identified the +2 flail "Gevvoujo" {flame, rC+}
 40871 | Crypt:3  | Identified the staff "Rovim" {rPois rN+ Necro}
 40881 | Crypt:3  | Identified the +8 morningstar "Impbane" {flame, Fly rC+
                  | Str+3 Int+3}
 41591 | Crypt:3  | Identified the ring of Keamutu {rElec Str+4 Dex+6}
 41596 | Crypt:3  | Identified the +0 hand axe of Animal Spirits {protect,
                  | rPois rN+ Dex+2}
 42007 | Depths:1 | Entered Level 1 of the Depths
 42086 | Depths:1 | eh
 42202 | Depths:1 | Found a runed translucent gate.
 42202 | Depths:1 | Found a runed translucent gate.
 42202 | Depths:1 | Found a runed translucent gate.
 42202 | Depths:1 | Found the +2 Maxwell's thermic engine {flame, freeze, rev}
 42203 | Depths:1 | Found a runed translucent gate.
 42203 | Depths:1 | Found a runed translucent gate.
 42203 | Depths:1 | Found a runed translucent gate.
 42204 | Depths:1 | well
 42298 | Depths:1 | Found a gateway to Hell.
 42386 | Depths:1 | Received a gift from Okawaru
 42413 | Depths:2 | Noticed Bai Suzhen
 42420 | Depths:2 | Killed Bai Suzhen
 42428 | Depths:2 | Found Qontiet's Antique Weapon Emporium.
 42533 | Depths:1 | Identified the +4 robe of Nishaafid {rF+ rN+++ Will++
                  | Str-4}
 42533 | Depths:1 | Noticed Boris
 42542 | Depths:1 | Killed Boris
 42694 | Depths:1 | Reached XP level 24. HP: 161/221 MP: 30/32
 42967 | Depths:2 | Found a one-way gate leading to the halls of Pandemonium.
 42969 | Depths:2 | Received a gift from Okawaru
 43230 | Depths:2 | Identified the +0 robe of Immorality {Str+4 Int-3 Stlth+}
 43467 | Depths:2 | Received a gift from Okawaru
 44377 | Depths:2 | Reached skill level 1 in Short Blades
 44540 | Depths:2 | Reached skill level 3 in Short Blades
 44564 | Depths:3 | Acquired the +2 hat of the Grim God {rPois rC++ Will+
                  | Int+3}
 44902 | Depths:3 | Noticed Mara
 44920 | Depths:3 | Noticed elliptic's illusion
 44921 | Depths:3 | Killed Mara
 44990 | Depths:3 | Reached skill level 6 in Short Blades
 45020 | Depths:3 | Found a shimmering altar of Xom.
 45069 | Depths:3 | Received a gift from Okawaru
 45206 | Depths:3 | Noticed a royal mummy
 45212 | Depths:3 | Killed a royal mummy
 45279 | Depths:3 | Identified the +1 falchion "Zoipp" {antimagic, rN+}
 45763 | Elf:1    | Bought the +8 demon trident "Rift" {distort, reach+} for
                  | 1098 gold pieces
 45763 | Elf:1    | Found the +8 demon trident "Rift" {distort, reach+}
 46045 | Depths:4 | Entered Level 4 of the Depths
 46141 | Depths:4 | Noticed a caustic shrike
 46141 | Depths:4 | Noticed a caustic shrike
 46141 | Depths:4 | Noticed a caustic shrike
 46141 | Depths:4 | Noticed a caustic shrike
 46141 | Depths:4 | Noticed a caustic shrike
 46146 | Depths:4 | Killed a caustic shrike
 46152 | Depths:4 | Killed a caustic shrike
 46157 | Depths:4 | Killed a caustic shrike
 46160 | Depths:4 | Killed a caustic shrike
 46162 | Depths:4 | Killed a caustic shrike
 46163 | Depths:4 | Reached skill level 9 in Short Blades
 46217 | Abyss:4  | Cast into level 4 of the Abyss (unwielding a weapon of
                  | distortion)
 46249 | Abyss:4  | Found a corrupted altar of Lugonu.
 46279 | Abyss:4  | Received a gift from Okawaru
 46485 | Abyss:4  | Reached XP level 25. HP: 230/230 MP: 32/32
 46585 | Abyss:4  | Found a corrupted altar of Lugonu.
 46658 | Depths:3 | Escaped the Abyss
 46758 | Depths:4 | Noticed Sojobo
 46765 | Depths:4 | Killed Sojobo
 46844 | Depths:4 | Found a gate to the Realm of Zot.
 46917 | Depths:4 | Noticed the Enchantress
 46932 | Depths:4 | Killed the Enchantress
 46935 | Depths:4 | Received a gift from Okawaru
 47126 | Depths:4 | Identified the +4 robe "Huxt" {rPois Str+3}
 47126 | Depths:4 | Noticed Boris
 47138 | Depths:4 | Killed Boris
 47163 | Depths:4 | Reached skill level 27 in Fighting
 47257 | Depths:4 | Found a one-way gateway to a ziggurat.
 47893 | Vaults:5 | Entered Level 5 of the Vaults
 47919 | Vaults:5 | Identified the +3 robe of Immorality {Harm Slay+3 Stlth-}
 47919 | Vaults:5 | Noticed Boris
 47942 | Vaults:5 | Killed Boris
 48025 | Vaults:5 | Received a gift from Okawaru
 48235 | Vaults:5 | Identified the ring "Wop Ded" {rC+++ rCorr Str-2 Int+6
                  | Dex-3}
 48341 | Vaults:5 | Noticed a dread lich
 48350 | Vaults:5 | Killed a dread lich
 48356 | Vaults:5 | Reached XP level 26. HP: 242/242 MP: 28/32
 48362 | Vaults:5 | Reached skill level 24 in Dodging
 48386 | Vaults:5 | Found Iseikon's Distillery.
 48386 | Vaults:5 | Found Edyplaiw's Weapon Shop.
 48399 | Vaults:5 | Found Oceotedogy's Magic Scroll Boutique.
 48399 | Vaults:5 | Found Hirusch's Magic Scroll Emporium.
 48404 | Vaults:5 | Received a gift from Okawaru
 48409 | Vaults:5 | Bought a scroll of acquirement for 728 gold pieces
 48409 | Vaults:5 | Acquired the ring of Fig Xibabb {Int+2 Slay+4}
 48416 | Vaults:5 | Bought a scroll of teleportation for 42 gold pieces
 48416 | Vaults:5 | Bought a scroll of teleportation for 42 gold pieces
 48498 | Vaults:5 | Found Issing's Magic Scroll Shoppe.
 48503 | Vaults:5 | Bought a scroll of acquirement for 1196 gold pieces
 48503 | Vaults:5 | Acquired 1358 gold pieces
 48663 | Vaults:5 | Identified the +11 war axe of Plague {chaos, ^Fragile rF-
                  | Str+2 Int+8}
 48750 | Vaults:5 | Got a silver rune of Zot
 48759 | Vaults:5 | Identified the +1 robe of Fumah {rC- Regen+ Int+2}
 48894 | Vaults:5 | Noticed a dread lich
 48901 | Vaults:5 | Paralysed by a dread lich for 2 turns
 48904 | Vaults:5 | Killed a dread lich
 48919 | Vaults:5 | Noticed an ancient lich
 48928 | Vaults:5 | Killed an ancient lich
 48976 | Vaults:5 | Identified the +1 ring mail of Absence {Fly rC+}
 49177 | Vaults:5 | Got the Tractate on the Frozen Quarry
 49227 | Vaults:5 | Identified the ring "Yhiffida" {rPois rN+ Int+4}
 49256 | Vaults:5 | Bought a potion of invisibility for 104 gold pieces
 49256 | Vaults:5 | Bought a potion of berserk rage for 65 gold pieces
 49256 | Vaults:5 | Bought 2 potions of might for 104 gold pieces
 49256 | Vaults:5 | Bought a potion of enlightenment for 65 gold pieces
 49256 | Vaults:5 | Bought a potion of invisibility for 104 gold pieces
 49256 | Vaults:5 | Bought a potion of curing for 39 gold pieces
 49267 | Vaults:5 | Bought a scroll of fear for 56 gold pieces
 49267 | Vaults:5 | Bought a scroll of fear for 56 gold pieces
 49276 | Vaults:5 | Received a gift from Okawaru
 49286 | Vaults:5 | Bought a scroll of fog for 64 gold pieces
 49286 | Vaults:5 | Bought a scroll of fog for 64 gold pieces
 49286 | Vaults:5 | Bought a scroll of enchant armour for 120 gold pieces
 49329 | Vaults:4 | Bought a potion of magic for 288 gold pieces
 49704 | Elf:1    | Bought a potion of invisibility for 104 gold pieces
 50005 | Zot:1    | Entered Level 1 of the Realm of Zot
 50789 | Zot:1    | Noticed an electric golem
 50794 | Zot:1    | Killed an electric golem
 50918 | Zot:2    | Received a gift from Okawaru
 51201 | Zot:2    | Received a gift from Okawaru
 51251 | Zot:2    | Reached XP level 27. HP: 249/249 MP: 32/32
 51494 | Zot:4    | Noticed an electric golem
 51500 | Zot:4    | Killed an electric golem
 51501 | Zot:4    | Reached skill level 27 in Dodging
 51508 | Zot:4    | Received a gift from Okawaru
 51755 | Zot:4    | Noticed an orb of fire
 51811 | Zot:5    | Entered Level 5 of the Realm of Zot
 51811 | Zot:5    | Noticed Gryn's ghost (legendary HOFi)
 51811 | Zot:5    | Found a runed translucent door.
 52147 | Zot:5    | Reached skill level 12 in Armour
 52174 | Zot:5    | Killed Gryn's ghost
 52236 | Zot:5    | Noticed an ancient lich
 52253 | Zot:5    | Killed an ancient lich
 52253 | Zot:5    | Received a gift from Okawaru
 52284 | Zot:5    | Noticed an orb of fire
 52284 | Zot:5    | Noticed an orb of fire
 52285 | Zot:5    | Noticed an orb of fire
 52290 | Zot:5    | Killed an orb of fire
 52295 | Zot:5    | Killed an orb of fire
 52297 | Zot:5    | Killed an orb of fire
 52326 | Zot:5    | Noticed an electric golem
 52327 | Zot:5    | Noticed an orb of fire
 52333 | Zot:5    | Killed an orb of fire
 52334 | Zot:5    | Killed an electric golem
 52334 | Zot:5    | Received a gift from Okawaru
 52380 | Zot:5    | Reached skill level 15 in Armour
 52404 | Zot:5    | Got the Orb of Zot
 52590 | Zot:1    | Noticed Odet the pandemonium lord
 52599 | Zot:1    | Killed Odet the pandemonium lord
 52627 | Depths:4 | HP: 35/249 [??? (33)]
 53031 | D:6      | Noticed Imnel the pandemonium lord
 53150 | D:1      | Noticed Hyzaaw the pandemonium lord
 53152 | D:$      | Escaped with the Orb!

Levels and vault maps discovered:
D:1:      dpeg_arrival_shrine, layout_loops_ring,
          hellmonk_ecumenical_altar_blasted, minmay_pentomino_q2
D:2:      layout_rooms, serial_shops, nicolae_shop_behind_doors, uniq_terence,
          uniq_jessica
D:3:      layout_loops_ring
D:4:      layout_loops_ring, old_standard_altar, gammafunk_ghost_abyssal_escape,
          uniq_blork_the_orc
D:5:      layout_loops_cross, minmay_temple_entry_hall, minmay_checkerbox,
          uniq_prince_ribbit1, uniq_menkaure
D:6:      layout_gridville, supply_closet_lemuel, mrwooster_statue_mirror,
          lightli_corner_chamber, uniq_duvessa, uniq_jeremiah
D:7:      layout_basic, nicolae_overflow_hidden_temple, enter_bailey_8,
          st_stairs_5, minmay_mini_ossuary
D:8:      layout_rooms, uniq_psyche, uniq_erica
D:9:      layout_stronghold, overflow_temple_1_default
D:10:     layout_irregular_city, minmay_lair_entry_grove,
          ploomutoo_gammafunk_ghost_potion_laboratory, uniq_joseph
D:11:     layout_basic, ebering_ghost_gozag
D:12:     layout_cave_pools, hiddenorc1_lemuel, ebering_ghost_funeral_grove
D:13:     layout_stronghold, grunt_vaults_entry_fortified, serial_shops, shop
D:14:     layout_roguey, nemelex_lonely_heart_becter
D:15:     grunt_enter_depths_magical_seal, layout_basic, gauntlet_entry_generic,
          grunt_dithmenos_smoke_and_mirrors
Temple:   compressed_dpeg_circular_temple
Lair:1:   layout_chaotic_city
Lair:2:   layout_cave_pods, serial_bayou_shore_a
Lair:3:   layout_long_grid, mainiacjoe_swamp_entry_angry_trees,
          nicolae_spider_entry_lesser_pyramids, special_room [special_room_bee]
Lair:4:   layout_roguey, dpeg_slime_entry_corner
Lair:5:   minmay_lair_end_frog_pond, layout_regular_city, serial_bayou_shore_b
Swamp:1:  layout_basic_swamp, serial_swamp_ruin, evilmike_swamp_ruin_house_5,
          evilmike_swamp_ruin_house_2, evilmike_swamp_ruin_house_1,
          swamp_pool_4, uniq_kirke, uniq_mlioglotl, uniq_louise
Swamp:2:  cheibrodos_swamp_mausoleum, layout_basic_swamp,
          evilmike_swamp_ruin_wall, swamp_pool_5, lemuel_altar_in_water,
          nicolae_swamp_alligator_family
Swamp:3:  nicolae_swamp_phyte_club, layout_basic_swamp,
          evilmike_swamp_ruin_house_6, uniq_nikola
Swamp:4:  swamp_vile, layout_basic_swamp, swamp_pool_4
Spider:1: nicolae_spider_mines_1, hangedman_spider_tarantella_strand
Spider:2: layout_spider_delve, uniq_azrael
Spider:3: layout_spider_delve, worms_lemuel, uniq_jorgrun
Spider:4: spider_rune_water, gammafunk_ghost_arena
Orc:1:    layout_caves, nicolae_volcano_entry_s_turn, serial_shops,
          nicolae_shop_bloodbath_and_beyond
Orc:2:    grunt_orc_community_town_hall, layout_caves,
          grunt_orc_community_big_house_1, grunt_orc_community_big_house_2,
          grunt_orc_community_house_3, grunt_orc_community_house_3,
          grunt_orc_community_house_3, grunt_orc_community_house_1,
          portal_ice_cave_entry_pillars_2, blackcustard_mines_bat_river
Elf:1:    layout_gridlike, serial_shops, shop, nicolae_elf_blasts_and_bolts
Elf:2:    nicolae_elf_blades_splatter_lattice [mumra_blade_entry_dagger],
          layout_loops_cross, uniq_aizul
Elf:3:    grunt_elf_hall_asides, layout_loops_corners, basic_altar
Vaults:1: nicolae_vaults_twisting_passages, nicolae_vaults_house_3,
          nicolae_vaults_tetromino_Z_2, nicolae_vaults_little_squares_1,
          st_hourglassy, nicolae_vaults_angled_halls, ontoclasm_vaults_tryst,
          nicolae_vaults_circle_grid_b, ontoclasm_vaults_gateway,
          ontoclasm_vaults_chip, vaults_room_fours, layout_vaults_big_room,
          uniq_asterion, uniq_saint_roka
Vaults:2: nicolae_vaults_little_squares_4, vaults_room_corners,
          nicolae_vaults_diagonal_hallway_8, v_misc_29,
          nicolae_vaults_you_can_take_it_with_you, v_misc_27,
          nicolae_vaults_asterisk, layout_vaults_omnigrid, serial_shops,
          nicolae_shop_peninsula, shop, uniq_mennas
Vaults:3: minmay_crypt_entry_simple_round, grunt_vaults_bifocal,
          hangedman_vaults_hat, nicolae_vaults_arrows, v_misc_18, v_rooms_2,
          v_alt_pattern_5, vaults_room_grunt_arrival_checkpoint,
          layout_vaults_omnibox, uniq_donald
Vaults:4: vaults_room_boxed, nicolae_vaults_more_shelving_2,
          nicolae_vaults_offset_grid_hallway_3,
          nicolae_vaults_trapezoid_lopsided_3, v_misc_1,
          dpeg_vaults_monster_row, v_misc_30, nicolae_vaults_weapon_check,
          nicolae_vaults_storage_room_water, ontoclasm_vaults_shuriken,
          nicolae_vaults_diamond_2, layout_vaults_omnicross, serial_shops,
          nicolae_shop_statue_plus
Vaults:5
Crypt:1:  layout_chaotic_city, uniq_margery
Crypt:2:  layout_misc_corridors, basic_altar, small_chamber_with_monster,
          uniq_boris, uniq_josephina
Crypt:3:  evilmike_haunted_forest, uniq_jory
Depths:1: layout_gridville, hell_entry, dk_noncrumbling_3,
          brannock_guarded_unrand_thermic_engine
Depths:2: cheibrodos_salmonella, layout_gridlike, serial_shops,
          nicolae_shop_hallway_stairs, rand_demon_pan_entry_3, abyss_entry,
          hell_entry, minmay_parallelograms, nrook_kobold_shadow_demons,
          uniq_bai_suzhen
Depths:3: lemuel_minitomb, layout_cross, grunt_hell_entry_dis_grunt,
          basic_altar, nicolae_abyss_entry_one_way_or_another, uniq_mara
Depths:4: evilmike_zot_entry_argh, layout_honeycomb, enter_ziggurat_e,
          pf_coc_iceberg, minmay_door_square, hangedman_devilish_allure,
          uniq_sojobo, uniq_enchantress
Zot:1:    cheibrodos_frozen_isle, layout_onion, regret_index_zotdec_tunneler
Zot:2:    lemuel_halls_of_wrath, layout_misc_corridors,
          hangedman_zot_decor_tridents, grunt_ministairs_6
Zot:3:    cheibrodos_zot_enchanting_chambers, layout_misc_corridors, uniq_vv
Zot:4:    layout_gridlike, skrybe_zot_glass_1
Zot:5:    layout_twisted_circle, hellmonk_ghost_happy_afterlife

Action                     |  1- 3 |  4- 6 |  7- 9 | 10-12 | 13-15 | 16-18 | 19-21 | 22-24 | 25-27 || total
---------------------------+-------+-------+-------+-------+-------+-------+-------+-------+-------++-------
  Melee: Dagger            |    52 |    20 |       |       |       |       |       |       |       ||    72
         Short sword       |    15 |    48 |       |       |       |       |       |       |       ||    63
         Long sword        |       |   129 |   367 |   209 |       |       |       |       |       ||   705
         Trident           |       |       |       |    90 |       |       |       |       |       ||    90
         Scimitar          |       |       |       |   559 |   681 |   512 |   245 |       |       ||  1997
         Double sword      |       |       |       |   107 |   711 |   721 |   993 |  1328 |       ||  3860
         Demon blade       |       |       |       |       |       |   182 |   105 |    15 |       ||   302
         Headbutt          |       |       |       |       |       |    35 |   259 |   429 |   735 ||  1458
         Quick blade       |       |       |       |       |       |       |       |   480 |  2718 ||  3198
         Demon trident     |       |       |       |       |       |       |       |    18 |       ||    18
         Unarmed           |       |       |       |       |       |       |       |       |    71 ||    71
   Fire: Sling             |       |       |    57 |       |       |       |       |       |       ||    57
  Throw: Throwing net      |       |     1 |       |       |       |       |       |       |       ||     1
         Dart              |       |       |     4 |       |       |       |     1 |       |       ||     5
         Javelin           |       |       |       |     4 |       |       |       |       |       ||     4
   Cast: Shock             |    36 |     6 |       |       |       |       |       |       |       ||    42
 Invoke: Heroism           |       |       |     3 |     3 |     9 |     4 |     2 |     1 |     1 ||    23
         Receive Weapon    |       |       |       |     1 |       |       |       |       |       ||     1
         Receive Armour    |       |       |       |     1 |       |       |       |       |       ||     1
         Finesse           |       |       |       |       |     9 |    13 |     6 |     8 |     8 ||    44
  Evoke: Wand              |       |       |       |    15 |    10 |     3 |       |     2 |     2 ||    32
         Lightning rod     |       |       |       |       |       |     1 |     7 |       |       ||     8
    Use: Scroll            |       |     5 |     1 |    16 |     6 |    13 |    11 |     5 |     8 ||    65
         Potion            |       |       |     2 |       |     7 |     5 |     4 |     4 |    15 ||    37
   Stab: Distracted        |       |       |       |     1 |       |     1 |     1 |     8 |     7 ||    18
         Sleeping          |       |       |       |       |     1 |    10 |    20 |    12 |     9 ||    52
 Armour: Leather armour    |    15 |       |       |       |       |       |       |       |       ||    15
         Ring mail         |     7 |    38 |       |       |       |   400 |   492 |   398 |   259 ||  1594
         Scale mail        |       |    18 |   136 |   444 |   557 |    72 |       |       |       ||  1227
         Skin              |       |       |       |       |       |       |       |       |     4 ||     4
  Dodge: Dodged            |    29 |    43 |    85 |   310 |   384 |   502 |   677 |   962 |   813 ||  3805
  Block: Other             |       |       |       |       |       |   111 |   106 |    18 |       ||   235
         Reflection        |       |       |       |       |       |     1 |     5 |     4 |       ||    10
